 Dungeon Crawl Stone Soup version 0.30-b1-2-g02819fbbbe (webtiles) character file.

Game seed: 13076762400487163334

130780 raph the Severer (level 17, 0/154 HPs)
             Began as a Hill Orc Fighter on Dec 9, 2023.
             Was a High Priest of Zin.
             Killed by the air
             ... invoked by a wind drake
              (20 damage)
             ... on level 4 of the Shoals.
             The game lasted 00:44:14 (24720 turns).

raph the Severer (Hill Orc Fighter)                Turns: 24720, Time: 00:44:15

Health: 0/154      AC: 36    Str: 29    XL:     17   Next: 8%
Magic:  27/27      EV: 15    Int: 18    God:    Zin [*****.]
Gold:   577        SH: 10    Dex: 24    Spells: 16/16 levels left

rFire   + + .        p - +7 broad axe of the Sky {flame, rF++ rC+}
rCold   + + +        u - +1 buckler {rPois}
rNeg    . . .        g - +5 plate armour of the Other World {Drain rC+ Will++ Str+3}
rPois   ∞            X - +2 helmet {SInv}
rElec   .            F - +2 cloak
rCorr   .            K - +2 pair of gloves {Dex+3}
SInv    +            c - +2 pair of boots {Fly}
Will    +++..        P - amulet of regeneration
Stlth   x              - ring "Wattig" {rC+ Int+5}
HPRegen 1.25/turn    I - ring of protection from cold
MPRegen 0.20/turn

%: no passive effects
@: mighty, vitalised, flying, hasted, very quick
A: no striking features
a: Renounce Religion, Recite, Vitalisation, Imprison, Sanctuary, Donate Gold


You were on level 4 of the Shoals.
You worshipped Zin.
Zin was extremely pleased with you.
You visited 5 branches of the dungeon, and saw 27 of its levels.
You visited the Abyss 1 time.
You also visited: Sewer.

You collected 2859 gold pieces.
You spent 1999 gold pieces at shops.
You donated 283 gold pieces to Zin.

Inventory:

Hand Weapons
 a - a +1 spectral war axe
 p - the +7 broad axe of the Sky (weapon) {flame, rF++ rC+}
   (You acquired it on level 6 of the Dungeon)

   rF:        It greatly protects you from fire.
   rC:        It protects you from cold.
Missiles
 f - 17 boomerangs (quivered)
 j - 3 boomerangs of dispersal
 l - 7 throwing nets
 n - 16 curare-tipped darts
 q - 58 poisoned darts
 y - 4 javelins
 O - 2 silver javelins
Armour
 c - a +2 pair of boots of flying (worn)
 g - the +5 plate armour of the Other World (worn) {Drain rC+ Will++ Str+3}
   (You acquired it on level 3 of the Dungeon)

   Str:       It affects your strength (+3).
   rC:        It protects you from cold.
   Drain:     It drains your maximum health when unequipped.
   Will:      It greatly increases your willpower.
 u - a +1 buckler of poison resistance (worn)
 D - a +1 tower shield of reflection
 F - a +2 cloak (worn)
 K - a +2 pair of gloves of dexterity (worn)
 X - a +2 helmet of see invisible (worn)
Jewellery
 h - a ring of resist corrosion
 x - the ring "Wattig" (left hand) {rC+ Int+5}
   (You found it on level 4 of the Dungeon)

   [ring of protection from cold]

   Int:       It affects your intelligence (+5).
   rC:        It protects you from cold.
 B - a ring of protection from fire
 I - a ring of protection from cold (right hand)
 M - a ring of protection from cold
 P - an amulet of regeneration (around neck)
Wands
 o - a wand of light (2)
 t - a wand of paralysis (41)
 G - a wand of roots (21)
 H - a wand of flame (63)
 N - a wand of digging (8)
 Z - a wand of mindburst (19)
Scrolls
 e - 7 scrolls of identify
 i - 2 scrolls of amnesia
 k - 15 scrolls of teleportation
 m - 4 scrolls of fear
 v - 5 scrolls of blinking
 A - 2 scrolls of summoning
 J - 2 scrolls of magic mapping
 Q - a scroll of enchant weapon
 S - a scroll of brand weapon
 U - a scroll of fog
Potions
 b - 5 potions of flight
 d - 2 potions of might
 r - 11 potions of curing
 s - 3 potions of brilliance
 w - 6 potions of heal wounds
 z - 5 potions of cancellation
 C - 2 potions of berserk rage
 E - 5 potions of haste
 L - 4 potions of resistance
 T - 2 potions of mutation
 V - a potion of magic


   Skills:
 * Level 14.4 Fighting
 - Level 18.0 Axes
 * Level 8.1 Throwing
 + Level 15.4 Armour
 + Level 9.3 Dodging
 * Level 14.5 Shields
 + Level 14.1 Invocations
 - Level 4.0 Evocations


You had 16 spell levels left.
You didn't know any spells.
Your spell library contained the following spells:

 Spells                   Type           Power      Damage    Failure   Level
 Sandblast                Erth           0%         2d4       80%         1
 Slow                     Hex            0%         N/A       80%         1
 Poisonous Vapours        Pois/Air       0%         N/A       90%         2
 Sublimation of Blood     Necr           0%         N/A       90%         2
 Confusing Touch          Hex            0%         N/A       99%         3
 Frozen Ramparts          Ice            0%         1d1       99%         3
 Gell's Gravitas          Tloc           0%         N/A       99%         3
 Inner Flame              Hex/Fire       0%         N/A       99%         3
 Mephitic Cloud           Conj/Pois/Air  0%         N/A       99%         3
 Ozocubu's Armour         Ice            0%         N/A       99%         3
 Teleport Other           Tloc           0%         N/A       99%         3
 Vampiric Draining        Necr           0%         2d6       99%         3
 Ice Form                 Ice/Tmut       0%         N/A       100%        4
 Leda's Liquefaction      Hex/Erth       0%         N/A       100%        4
 Petrify                  Tmut/Erth      0%         N/A       100%        4
 Sticky Flame             Conj/Fire      0%         2d3       100%        4
 Summon Ice Beast         Ice/Summ       0%         N/A       100%        4
 Alistair's Intoxication  Tmut/Pois      0%         N/A       100%        5
 Borgnjor's Vile Clutch   Necr/Erth      0%         N/A       100%        5
 Freezing Cloud           Conj/Ice/Air   0%         6-21      100%        5
 Irradiate                Conj/Tmut      0%         3d11      100%        5
 Metabolic Englaciation   Hex/Ice        0%         N/A       100%        5
 Yara's Violent Unravell  Hex/Tmut       0%         3d3       100%        5
 Dispersal                Tloc           0%         N/A       100%        6
 Eringya's Noxious Bog    Tmut/Pois      0%         N/A       100%        6
 Simulacrum               Ice/Necr       0%         N/A       100%        6
 Enfeeble                 Hex            0%         N/A       100%        7
 Ozocubu's Refrigeration  Ice            0%         4d7       100%        7
 Fire Storm               Conj/Fire      0%         5d1       100%        9


Dungeon Overview and Level Annotations

Branches:
Dungeon (15/15)            Temple (1/1) D:7            Lair (5/5) D:9
 Shoals (4/4) Lair:3        Snake (0/4) Lair:2        Slime (0/5) Lair:5
    Orc (2/2) D:12            Elf (0/3) Orc:2        Vaults (0/5) D:13
 Depths (0/4) D:15          Sewer (visited)

Altars:
Ashenzari
Cheibriados
Dithmenos
Elyvilon
Fedhas
Gozag
Hepliaklqana
Kikubaaqudgha
Makhleb
Nemelex Xobeh
Okawaru
Qazlal
Ru
Sif Muna
Trog
Uskayaw
Vehumet
Wu Jian
Xom
Yredelemnul
Zin
The Shining One
Beogh
Jiyva

Shops:
D:8 [[(   D:15 (   Orc:2 !![:[   Shoals:1 (*   Shoals:2 (

Annotations:
D:11 1 transporter
Lair:5 1 runed translucent door


Message History

The barbs in your skin will harm you if you move.
Continue?
The barbed spikes dig painfully into your body as you move.
* * * LOW HITPOINT WARNING * * *
The merfolk javelineer throws a javelin.
The javelin pierces through you but does no damage.
The javelin barely misses the merfolk impaler.
You barely miss the merfolk javelineer. You hit the death yak but do no damage.
You carefully extract the barbed spikes from your body.
The merfolk impaler misses you.
You slash the merfolk javelineer! You burn the merfolk javelineer.
The merfolk javelineer is moderately wounded.
You hit the death yak. You burn the death yak.
You block the death yak's attack. The merfolk impaler misses you.
The merfolk javelineer throws a javelin.
The javelin pierces through you!
* * * LOW HITPOINT WARNING * * *
The javelin pierces through the death yak!!
The javelin misses the merfolk impaler.
The merfolk javelineer hits you from afar with a +0 spear.
* * * LOW HITPOINT WARNING * * *
The death yak barely misses you.
You barely miss the death yak.
The death yak is moderately wounded.
You slice the death yak!! You burn the death yak.
The death yak is severely wounded.
The merfolk javelineer throws a javelin.
The javelin pierces through you!
* * * LOW HITPOINT WARNING * * *
The death yak barely misses you.
Blink to where?
Press: ? - help, Dir - move target
As you read the scroll of blinking, it crumbles to dust.
A wind drake comes into view.
The wind drake hisses angrily.
The wind drake flaps its wings at you. The air twists around and strikes you.
* * * LOW HITPOINT WARNING * * *
The wind drake flaps its wings at you. The air twists around and strikes you!!
You die...

~~~,,~~~*##*###.............~≈≈≈≈
~$....**~~#~~~*##...........~≈≈≈.
~...P.**~~~m~~~##~~~~~.....~~~...
~.....***Y#~*~##~~~~~~~.~.~~.~~..
~.P.P.* *§~,Y≈**#~.~~~~~..#..~~~~
..~~~~*##§#§#~###~.~~~~~..##..~~~
....~§##Ym§≈~~~#~~.~~~~~.....~~~~
.....§§#§Y#~~~##~~~~~~~~~~..~~~~~
.~~~~§mY####*##~@~~~~~~~~~~.~~~~~
.~~..§§§§§~###~~~~~~~~k~~~..~~~≈≈
.~~..§§§~~~~~~~~~~~~~~P~~~..~~~≈≈
.~~~~~~§~~~~≈≈≈≈≈≈≈≈~~~~~P~~P~~≈~
~~~~~~~~~~~~≈≈≈≈≈≈≈≈≈≈~~~P~~P~~≈~
~~~~~~~~~~≈≈≈≈≈≈≈≈≈≈≈≈≈≈P~P~~P≈~~
~~~~~~~~≈≈≈≈≈≈≈≈≈≈≈≈≈≈≈≈~~~~~~≈≈≈
≈≈≈≈≈≈≈≈≈≈≈≈≈≈≈≈≈≈≈≈≈≈≈≈~~~~~~~≈≈
≈≈≈≈≈≈≈≈≈≈≈≈≈≈≈≈≈≈≈≈≈≈≈≈~~~~~~~~≈


You could see a wind drake (repels missiles).

Vanquished Creatures
  Rupert (D:13)
  Polyphemus (Shoals:4)
  A kraken (Shoals:3)
  Snorg (D:10)
  2 merfolk javelineers (Shoals:4)
  Josephine (Lair:4)
  6 merfolk impalers
  4 hydras
  An ice dragon (Lair:1)
  An ogre mage (D:13)
  2 merfolk avatars
  The ghost of Discosetron the Eclecticist, a journeyman SpEE of Vehumet (Lair:1)
  7 merfolk aquamancers
  6 centaur warriors
  An alligator snapping turtle (Shoals:4)
  7 two-headed ogres
  A catoblepas (Lair:4)
  6 death yaks (Lair:5)
  A naga warrior (D:15)
  3 boulder beetles
  4 satyrs
  6 skysharks
  Amaemon (Lair:2)
  5 skeletal warriors
  11 sea snakes
  2 wizards (D:15)
  An orc knight (Orc:2)
  A large abomination (Abyss:3)
  A necromancer (D:15)
  2 deep elf pyromancers
  16 fauns
  2 orc sorcerers
  Pikel (D:7)
  5 harpies
  An oklob plant (Lair:1)
  15 ugly things
  4 cyclopes
  10 manticores
  3 water nymphs (Shoals:4)
  4 elephants (Lair:2)
  A black mamba (Lair:5)
  6 merfolk sirens
  A molten gargoyle (D:15)
  A naga mage (D:15)
  An orange demon (Lair:2)
  A gargoyle (D:12)
  5 cane toads
  5 rime drakes
  3 kobold demonologists
  7 centaur skeletons
  A rime drake (shapeshifter) (D:14)
  An unseen horror (D:12)
  5 yaktaurs (D:13)
  2 efreet
  2 freezing wraiths
  7 komodo dragons
  An unseen horror (shapeshifter) (D:15)
  A harpy zombie (Abyss:3)
  3 meliai (D:14)
  8 trolls
  3 hornets (Lair:5)
  14 merfolk
  7 polar bears
  9 wind drakes
  8 dream sheep
  15 blink frogs
  8 snapping turtles
  6 slime creatures (D:13)
  A centaur simulacrum (D:15)
  9 water elementals
  2 shadows
  13 spriggans (Lair:5)
  4 wyverns
  A vampire (D:15)
  8 wraiths
  32 yaks
  8 vampire mosquitoes
  A basilisk (Lair:5)
  2 steam dragons
  Menkaure (D:7)
  4 nagas (Lair:2)
  3 wargs (Orc:2)
  An acid dragon (D:11)
  12 water moccasins
  28 orc warriors
  Pargi (Sewer)
  2 sky beasts
  8 ogres
  9 black bears
  16 wolves
  4 boggarts (Lair:5)
  21 centaurs
  A lemure (D:7)
  2 phantoms
  9 kobold brigands
  7 bullfrogs
  2 gnoll sergeants (D:9)
  6 scorpions
  15 wights
  9 killer bees
  A blink frog simulacrum (Lair:1)
  An elephant simulacrum (Lair:1)
  2 howler monkeys
  A rime drake simulacrum (Lair:1)
  9 hounds
  A jelly (D:7)
  13 orc priests
  A water moccasin simulacrum (Lair:1)
  A wyvern simulacrum (Lair:1)
  Crazy Yiuf (D:7)
  3 gnoll boudas
  2 iguanas
  3 sleepcaps
  13 orc wizards
  A boggart skeleton (D:15)
  11 gnolls
  9 adders
  2 white imps
  3 dart slugs
  54 orcs
  11 bats
  8 endoplasms
  A giant cockroach (D:2)
  12 goblins
  11 hobgoblins
  35 kobolds
  6 quokkas
  8 ball pythons
  4 frilled lizards
  5 rats
  A bush (Lair:2)
  2 pillars of salt (D:15)
  4 tentacles (Shoals:3)
763 creatures vanquished.

Vanquished Creatures (others)
  A frost giant (Shoals:4)
  A merfolk aquamancer (Shoals:4)
  A sea snake (Shoals:4)
  A manticore (Shoals:4)
  A snapping turtle (Shoals:4)
  13 fungi
  A pillar of salt (D:14)
  47 plants
  5 tentacles (Shoals:3)
71 creatures vanquished.

Grand Total: 834 creatures vanquished

Notes
Turn   | Place    | Note
-------+----------+-------------------------------------------
     0 | D:1      | raph the Hill Orc Fighter began the quest for the Orb.
     0 | D:1      | Reached XP level 1. HP: 19/19 MP: 1/1
    62 | D:1      | Reached skill level 3 in Axes
   192 | D:1      | Reached XP level 2. HP: 26/26 MP: 2/2
   250 | D:1      | Reached skill level 4 in Axes
   332 | D:1      | Reached XP level 3. HP: 30/31 MP: 3/3
   630 | D:2      | Got the Tome of Conflagration and the Lithosphere
   717 | D:2      | Reached skill level 5 in Axes
   861 | D:2      | Reached XP level 4. HP: 38/39 MP: 4/4
  1218 | D:3      | Found a transporter.
  1219 | D:3      | Identified a scroll of acquirement
  1219 | D:3      | Acquired the +5 plate armour of the Other World {Drain rC+
                  | Will++ Str+3}
  1269 | D:3      | Reached skill level 6 in Axes
  1351 | D:3      | Found a transporter.
  1358 | D:3      | Noticed a black bear
  1362 | D:3      | Found a white marble altar of Elyvilon.
  1748 | D:4      | Found Zin's Purification Station.
  1748 | D:4      | Found a glowing silver altar of Zin.
  1790 | D:4      | Reached XP level 5. HP: 45/45 MP: 5/5
  1796 | D:4      | Reached skill level 7 in Axes
  1891 | D:4      | Found a shimmering blue altar of Sif Muna.
  1975 | D:4      | Reached skill level 8 in Axes
  1975 | D:4      | Reached XP level 6. HP: 35/51 MP: 6/6
  2081 | D:4      | Identified the ring "Wattig" {rC+ Int+5}
  2081 | D:4      | Noticed a sky beast
  2090 | D:4      | Killed a sky beast
  2530 | D:4      | Became a worshipper of Zin the Law-Giver
  2530 | D:4      | Reached * piety under Zin
  2544 | D:5      | Entered Level 5 of the Dungeon
  2545 | D:5      | Donated 105 gold pieces to Zin
  2581 | D:5      | Found an opulent altar of Gozag.
  2582 | D:5      | Noticed a water moccasin
  2591 | D:5      | Reached skill level 9 in Axes
  2593 | D:5      | Killed a water moccasin
  2594 | D:5      | Reached XP level 7. HP: 48/57 MP: 7/7
  2758 | D:5      | Reached ** piety under Zin
  2868 | D:5      | Reached skill level 10 in Axes
  2958 | D:5      | Found a glowing drain.
  2971 | Sewer    | Entered a sewer
  3006 | Sewer    | Noticed Pargi
  3013 | Sewer    | Killed Pargi
  3068 | D:5      | Reached skill level 11 in Axes
  3146 | D:5      | Reached XP level 8. HP: 19/64 MP: 8/8
  3359 | D:5      | Found a shadowy altar of Dithmenos.
  3362 | D:5      | Reached skill level 12 in Axes
  3821 | D:6      | Reached *** piety under Zin
  3832 | D:6      | Reached skill level 13 in Axes
  4082 | D:6      | Acquired the +7 broad axe of the Sky {flame, rF++ rC+}
  4253 | D:6      | Reached skill level 1 in Invocations
  4267 | D:6      | Reached **** piety under Zin
  4268 | D:6      | Reached XP level 9. HP: 68/71 MP: 8/10
  4347 | D:6      | Reached skill level 1 in Dodging
  4462 | D:6      | Reached skill level 14 in Axes
  4634 | D:3      | Identified the +0 pair of boots "Ciacot" {*Corrode rElec
                  | Dex+7 Stlth+}
  4881 | D:7      | Noticed Menkaure
  4882 | D:7      | Noticed Pikel
  4893 | D:7      | Killed Menkaure
  4894 | D:7      | Killed Pikel
  4895 | D:7      | Reached skill level 5 in Fighting
  5101 | D:7      | Reached skill level 5 in Armour
  5347 | D:7      | Found a runed translucent door.
  5348 | D:7      | Noticed Crazy Yiuf
  5352 | D:7      | Killed Crazy Yiuf
  5478 | D:7      | Found a staircase to the Ecumenical Temple.
  5666 | D:7      | Reached XP level 10. HP: 63/83 MP: 13/13
  5912 | Temple   | Entered the Ecumenical Temple
  6104 | D:8      | Reached skill level 5 in Invocations
  6152 | D:8      | Found Fabal's Antique Weapon Shop.
  6164 | D:8      | Found Ural's Armour Emporium.
  6180 | D:8      | Bought a +2 pair of gloves of dexterity for 258 gold pieces
  6332 | D:8      | Found Duimahog's Antique Armour Boutique.
  6387 | D:8      | Reached ***** piety under Zin
  6478 | D:8      | Found a hide-covered altar of Uskayaw.
  6506 | D:8      | Reached skill level 15 in Axes
  6805 | D:9      | Found a staircase to the Lair.
  6820 | D:9      | Found an ornate altar of the Wu Jian Council.
  6821 | D:9      | Noticed a kobold demonologist
  6830 | D:9      | Killed a kobold demonologist
  7118 | D:9      | Found a shimmering altar of Xom.
  7333 | D:9      | Found a stormy altar of Qazlal.
  7606 | D:9      | Reached XP level 11. HP: 92/92 MP: 16/16
  7610 | D:9      | Reached ****** piety under Zin
  8475 | D:10     | Entered Level 10 of the Dungeon
  8522 | D:10     | Noticed a purple ugly thing
  8529 | D:10     | Killed a purple ugly thing
  8758 | D:10     | Noticed Snorg
  8774 | D:10     | Killed Snorg
  8908 | D:10     | Found a sparkling altar of Nemelex Xobeh.
  9260 | D:8      | Bought a pair of masterwork gloves for 313 gold pieces
  9260 | D:8      | Identified the +1 pair of gloves of Chimes {+Inv rN+ Int-4}
                  | (You bought it in a shop on level 8 of the Dungeon)
  9342 | Lair:1   | Entered Level 1 of the Lair of Beasts
  9376 | Lair:1   | Reached skill level 16 in Axes
  9376 | Lair:1   | Reached skill level 5 in Dodging
  9483 | Lair:1   | Found a runed translucent gate.
  9483 | Lair:1   | Found a runed translucent gate.
  9483 | Lair:1   | Found a runed translucent gate.
  9548 | Lair:1   | Noticed an oklob plant
  9564 | Lair:1   | Killed an oklob plant
  9565 | Lair:1   | Reached skill level 5 in Shields
  9881 | Lair:1   | Noticed Discosetron's ghost (journeyman SpEE)
  9881 | Lair:1   | Noticed an ice dragon
 10115 | Lair:1   | Killed Discosetron's ghost
 10143 | Lair:1   | Killed an ice dragon
 10156 | Lair:1   | Reached XP level 12. HP: 103/103 MP: 18/18
 10426 | Lair:2   | Reached skill level 17 in Axes
 10498 | Lair:2   | Noticed Amaemon
 10505 | Lair:2   | Killed Amaemon
 10624 | Lair:2   | Found a staircase to the Snake Pit.
 11177 | Lair:3   | Found a staircase to the Shoals.
 11863 | Lair:4   | Reached XP level 13. HP: 113/113 MP: 20/20
 11907 | Lair:4   | Reached skill level 1 in Throwing
 11974 | Lair:4   | Reached skill level 10 in Armour
 12008 | Lair:4   | Reached skill level 10 in Fighting
 12008 | Lair:4   | Reached skill level 10 in Invocations
 12169 | Lair:4   | Noticed Josephine
 12181 | Lair:4   | Reached skill level 18 in Axes
 12209 | Lair:4   | Killed Josephine
 12421 | Lair:5   | Entered Level 5 of the Lair of Beasts
 12829 | Lair:5   | Found a runed translucent door.
 12829 | Lair:5   | Found a viscous altar of Jiyva.
 13284 | Lair:5   | Reached XP level 14. HP: 122/122 MP: 22/22
 13319 | Lair:5   | Reached skill level 10 in Shields
 13334 | Lair:5   | Identified the +1 whip "Qopaoka" {flame, rN+ MP+9}
 13726 | Lair:5   | Noticed an azure jelly
 13727 | Lair:5   | Found a staircase to the Slime Pits.
 13728 | Lair:5   | Noticed an azure jelly
 13990 | D:11     | Found a transporter.
 13996 | D:11     | Found a transporter.
 14020 | D:11     | Found a transporter.
 14024 | D:11     | Identified the +1 robe of the Armoured One {Contam rC-
                  | Will+++ Int+4}
 14036 | D:11     | Identified the ring "Amaruoh" {Fly rC- Str-2 Int+10 Dex+4}
 14113 | D:11     | Found a transporter.
 14191 | D:11     | Identified the +6 glaive of Bankruptcy {freeze, rC+ rN+}
 14452 | D:8      | Bought a pair of glowing boots for 247 gold pieces
 14880 | D:12     | Found a staircase to the Orcish Mines.
 15920 | D:13     | Found a gate to the Vaults.
 15962 | D:13     | Reached skill level 5 in Throwing
 16192 | D:13     | Noticed Rupert
 16209 | D:13     | Killed Rupert
 16623 | Orc:1    | Entered Level 1 of the Orcish Mines
 16630 | Orc:1    | Reached XP level 15. HP: 132/132 MP: 24/24
 16837 | Orc:2    | Entered Level 2 of the Orcish Mines
 16962 | Orc:2    | Found Xior's Distillery.
 16962 | Orc:2    | Found Podos's Antique Armour Shoppe.
 16969 | Orc:2    | Found Opsuzab's Book Emporium.
 16972 | Orc:2    | Found Seucit's Distillery.
 16987 | Orc:2    | Bought a potion of heal wounds for 50 gold pieces
 16987 | Orc:2    | Bought a potion of heal wounds for 50 gold pieces
 16987 | Orc:2    | Bought a potion of might for 40 gold pieces
 16988 | Orc:2    | Bought a runed cloak for 187 gold pieces
 17340 | Orc:2    | Found a roughly hewn altar of Beogh.
 17496 | Orc:2    | Found Woethyiv's Antique Armour Shoppe.
 17505 | Orc:2    | Bought a shiny kite shield for 187 gold pieces
 17505 | Orc:2    | Bought a shiny helmet for 187 gold pieces
 17533 | Orc:2    | Found a staircase to the Elven Halls.
 18192 | D:14     | Identified the +0 plate armour "Aryweargh" {rPois}
 18256 | D:14     | Reached skill level 1 in Evocations
 18713 | D:15     | Entered Level 15 of the Dungeon
 19027 | D:15     | Found a staircase to the Depths.
 19142 | D:15     | Found a faded altar of an unknown god.
 19231 | D:15     | Found a hazy altar of Hepliaklqana.
 19518 | D:15     | Found Nuroudih's Weapon Shop.
 19526 | D:15     | Bought 5 silver boomerangs for 480 gold pieces
 19903 | D:15     | Found a shadowy altar of Dithmenos.
 20468 | Shoals:1 | Entered Level 1 of the Shoals
 20642 | Shoals:1 | Found Hutam's Gadget Gallery.
 20665 | Shoals:1 | Found Ehuygues's Antique Weapon Boutique.
 20861 | Shoals:1 | Reached XP level 16. HP: 96/141 MP: 25/25
 21131 | Abyss:3  | Cast into level 3 of the Abyss (merfolk impaler)
 21157 | Abyss:3  | Found a radiant altar of Vehumet.
 21184 | Shoals:1 | Escaped the Abyss
 21530 | Shoals:2 | Found Ikihea's Antique Weapon Emporium.
 22425 | Shoals:3 | Noticed a kraken
 22576 | Shoals:3 | Killed a kraken
 22577 | Shoals:3 | Reached skill level 15 in Armour
 23505 | Shoals:4 | Entered Level 4 of the Shoals
 24668 | Shoals:4 | Reached XP level 17. HP: 140/154 MP: 24/27
 24673 | Shoals:4 | Noticed Polyphemus
 24691 | Shoals:4 | Killed Polyphemus
 24720 | Shoals:4 | Killed from afar by a wind drake

Illustrated notes

Levels and vault maps discovered:
D:1:      heliophobic_arrival_battle_scene, layout_rooms, st_stairs_13
D:2:      cheibrodos_old_hovel, layout_rooms
D:3:      layout_basic, gammafunk_temple_overflow_arena
D:4:      layout_basic, nicolae_sif_muna_little_library, zin_purify,
          moated_statue, minmay_misc_feat_doors, minmay_pentangle
D:5:      layout_basic, nicolae_gozag_seed_capital, grunt_dithmenos_shadows,
          portal_sewer_entry_d
D:6:      layout_basic, serial_curves, eino_curves_03, eino_curves_03,
          minmay_misc_feat_enclosed, minivault_22, kennysheep_generic_room_3
D:7:      layout_basic, minmay_temple_entry_junction, uniq_menkaure,
          uniq_crazy_yiuf_cottage, uniq_pikel
D:8:      layout_gridville, nicolae_uskayaw_suspiria, serial_shops,
          nicolae_shop_just_a_little_nook,
          nicolae_shop_temple_entry_statues_fountains,
          nicolae_shop_advertising_works [nicolae_subvault_shop_adworks]
D:9:      kennysheep_housing_project, layout_small_grid,
          mainiacjoe_overflow_cross_hatched, amcnicky_altar_gilded,
          mainiacjoe_overflow_concentric_impassable, dpeg_oklobed_lair,
          enter_bailey_3
D:10:     layout_irregular_city, nemelex_xobeh_ov_fountains_minmay, uniq_snorg
D:11:     layout_cave_pools, nicolae_transporter_intersection
D:12:     layout_cave_pools, orc_0_dummy
D:13:     layout_basic, hangedman_vaults_entry_quadrant_bands, uniq_rupert
D:14:     layout_roguey, fountainhead, grunt_decor_one_mirror
D:15:     grunt_enter_depths_magical_seal, layout_rooms,
          serial_co_window_serial, co_window_corner_a, co_window_corner_a,
          co_window_of_opportunity_a, co_window_corner_a, co_window_corner_a,
          co_window_corner_b, co_window_corner_b, co_window_broadway_b,
          co_window_paths_c, co_window_broadway_a, co_window_corner_b,
          co_window_of_opportunity_b, glass_columns_b, glass_columns_c,
          glass_columns_a, glass_columns_a, glass_columns_a, serial_shops, shop,
          lemuel_coloured_pillars_altar, beargit_hepliaklqana_dungeon_heroes
Temple:   nicolae_temple_x_marks_the_god
Lair:1:   layout_long_grid, gammafunk_ghost_icy, minivault_23
Lair:2:   layout_small_grid, minmay_snake_entry_guardpost_small,
          grunt_megastairs_1, uniq_amaemon
Lair:3:   layout_gridlike, elwin_shoals_entry_rocks
Lair:4:   layout_roguey, infiniplex_staircase_pool_2, uniq_josephine
Lair:5:   minmay_lair_end_enchanted_forest, layout_cave_pods, slime_entry_2
Shoals:1: layout_shoals, nicolae_take_the_stairs, nicolae_shop_gadgets
Shoals:2: layout_shoals, serial_shops, nicolae_shop_hallway_stairs
Shoals:3: layout_shoals
Shoals:4: shoals_end_grunt_ice, layout_shoals, nicolae_shoals_aquamancer_cove,
          uniq_polyphemus
Orc:1:    layout_caves
Orc:2:    st_orc_rangers, layout_diamond_mine, serial_shops, shop, basic_altar

Skill      XL: |  1  2  3  4  5  6  7  8  9 10 11 12 13 14 15 16 |
---------------+-------------------------------------------------+-----
Axes           | 3 4 5 6 8 9 11 13 14 15 16 17 18 | 18.0
Invocations    | 1 4 7 8 9 11 12 13 14 | 14.1
Fighting       | 4 6 7 8 9 10 11 12 14 | 14.4
Dodging        | 3 4 5 6 7 8 9 |  9.3
Armour         | 5 6 8 9 11 13 14 15 | 15.4
Shields        | 5 7 9 11 13 14 | 14.5
Throwing       | 3 5 6 8 |  8.1
Evocations     | 3 4 |  4.0

Action                     |  1- 3 |  4- 6 |  7- 9 | 10-12 | 13-15 | 16-18 || total
---------------------------+-------+-------+-------+-------+-------+-------++-------
  Melee: War axe           |    98 |   116 |   163 |       |       |       ||   377
         Broad axe         |       |       |    80 |   393 |   872 |   371 ||  1716
  Throw: Javelin           |       |       |       |    10 |       |     3 ||    13
         Boomerang         |       |       |       |     5 |    14 |    45 ||    64
         Dart              |       |       |       |       |    10 |       ||    10
 Invoke: Donate Gold       |       |     1 |       |       |       |       ||     1
         Recite            |       |       |     3 |    10 |    39 |    15 ||    67
         Vitalisation      |       |       |     1 |     1 |     6 |     6 ||    14
         Sanctuary         |       |       |       |       |       |     2 ||     2
  Evoke: Wand              |       |       |       |       |       |     2 ||     2
    Use: Scroll            |     4 |     1 |     9 |     7 |    12 |     4 ||    37
         Potion            |       |       |     1 |     1 |     1 |     5 ||     8
   Stab: Confused          |       |       |       |     6 |    15 |    11 ||    32
         Paralysed         |       |       |       |     1 |     9 |       ||    10
         Invisible         |       |       |       |       |       |     2 ||     2
 Armour: Chain mail        |    65 |    15 |       |       |       |       ||    80
         Scale mail        |     3 |       |       |       |       |       ||     3
         Plate armour      |       |    57 |   163 |   217 |   408 |   255 ||  1100
  Dodge: Dodged            |    35 |    38 |    65 |   107 |   277 |   222 ||   744
  Block: Buckler           |    27 |    31 |    43 |    14 |    28 |   175 ||   318
         Kite shield       |       |       |       |   148 |   517 |       ||   665
         Tower shield      |       |       |       |       |    15 |       ||    15
